 Dungeon Crawl Stone Soup version 0.29-a0-214-g17f627cfee (webtiles) character file.

Game seed: 3536864071658442448

518603 Hasart the Sniper (level 23, -3/202 HPs)
             Began as a Demigod Hunter on Feb 24, 2022.
             Slain by a war gargoyle
             ... wielding a +0 flail
              (9 damage)
             ... while petrified by an ancient lich
             ... on level 3 of the Depths on Feb 25, 2022.
             The game lasted 03:05:40 (60033 turns).

Hasart the Sniper (Demigod Hunter)                 Turns: 60033, Time: 03:05:41

Health: -3/202     AC: 14    Str: 15      XL:     23   Next: 44%
Magic:  44/44      EV:  2    Int: 12 (13) God:
Gold:   3581       SH:  0    Dex: 51      Spells: 21/44 levels left

rFire   + + +      SeeInvis +   k - +9 triple crossbow (freeze)
rCold   + . .      Faith    .   (shield currently unavailable)
rNeg    + + +      Spirit   .   C - +5 troll leather armour "Letax" {Fly Regen+}
rPois   ∞          Reflect  +   d - +1 helmet of Xainlut {Rampage rF+ rC+}
rElec   .          Harm     .   I - +2 cloak {Will+}
rCorr   .          Rampage  +   Z - +2 pair of gloves {Dex+3}
Will    +++..                   b - +2 pair of boots "Kepe" {rN++ Str+2}
Stlth   ++++++++..              G - amulet of reflection
HPRegen 1.23/turn               m - ring of Due Proportion {rC+ rN++ SInv}
MPRegen 0.29/turn               n - ring "Suvvuklimex" {rF++ rC- Dex+6 Slay+2}

@: petrified, corroded, flying, studying Polearms
A: high MP 1, forlorn, divine attributes, deformed body, deterioration 1, fire
resistance 1
}: 2/15 runes: barnacled, gossamer
a: no special abilities


You were on level 3 of the Depths.
You visited 10 branches of the dungeon, and saw 45 of its levels.
You visited 1 bazaar.
You also visited: Desolation.

You collected 8173 gold pieces.
You spent 4592 gold pieces at shops.

Inventory:

Hand Weapons
 f - a +5 triple crossbow of flaming
 k - a +9 triple crossbow of freezing (weapon)
Missiles
 X - 9 throwing nets
Armour
 b - the +2 pair of boots "Kepe" (worn) {rN++ Str+2}
   (You found it on level 5 of the Lair of Beasts)

   Str:       It affects your strength (+2).
   rN:        It greatly protects you from negative energy.
 d - the +1 helmet of Xainlut (worn) {Rampage rF+ rC+}
   (You found it on level 5 of the Lair of Beasts)

   rF:        It protects you from fire.
   rC:        It protects you from cold.
   Rampage:   It bestows one free step when moving towards enemies.
 C - the +5 troll leather armour "Letax" (worn) {Fly Regen+}
   (You bought it in a shop on level 3 of the Dungeon)

   Fly:       It grants you flight.
   Regen:     It increases your rate of health regeneration.
 E - a scarf of resistance
 I - a +2 cloak of willpower (worn)
 Z - a +2 pair of gloves of dexterity (worn)
Jewellery
 h - a ring of resist corrosion
 m - the ring of Due Proportion (left hand) {rC+ rN++ SInv}
   (You bought it in a shop on level 3 of the Dungeon)

   [ring of protection from cold]

   rC:        It protects you from cold.
   rN:        It greatly protects you from negative energy.
   SInv:      It lets you see invisible.
 n - the ring "Suvvuklimex" (right hand) {rF++ rC- Dex+6 Slay+2}
   (You found it on level 3 of the Dungeon)

   [ring of dexterity]

   Dex:       It affects your dexterity (+6).
   Slay:      It affects your accuracy & damage with ranged weapons and melee
   (+2).
   rF:        It greatly protects you from fire.
   rC:        It makes you vulnerable to cold.
 o - an amulet of regeneration
 t - a ring of Nofas {rPois Int+3}
   (You found it on level 3 of the Elven Halls)

   [ring of poison resistance]

   Int:       It affects your intelligence (+3).
   rPois:     It protects you from poison.
 w - the ring of Jijeotek {Ice Str-4 Dex+2 Slay+2 Stlth+}
   (You took it off Josephina on level 2 of the Depths)

   [ring of ice]

   It enhances your ice magic.
   Str:       It affects your strength (-4).
   Dex:       It affects your dexterity (+2).
   Slay:      It affects your accuracy & damage with ranged weapons and melee
   (+2).
   rF:        It makes you vulnerable to fire.
   rC:        It protects you from cold.
   Stlth:     It makes you more stealthy.
 B - the ring of Satyriasis {rF+ Dex+6}
   (You found it on level 3 of the Crypt)

   [ring of dexterity]

   Dex:       It affects your dexterity (+6).
   rF:        It protects you from fire.
 G - an amulet of reflection (around neck)
 J - a ring of protection from fire
 W - a ring of willpower
Wands
 u - a wand of iceblast (41)
 y - a wand of acid (25)
 F - a wand of digging (2)
 K - a wand of polymorph (3)
Scrolls
 c - 10 scrolls of vulnerability
 e - 5 scrolls of blinking
 i - 15 scrolls of teleportation
 j - 9 scrolls of fog
 q - 5 scrolls of immolation
 r - 8 scrolls of magic mapping
 z - 5 scrolls of amnesia
 H - 3 scrolls of fear
 L - 27 scrolls of identify
 N - a scroll of holy word
 T - 7 scrolls of enchant armour
 V - 2 scrolls of summoning
 Y - 3 scrolls of torment
Potions
 a - 5 potions of ambrosia
 g - 9 potions of might
 p - 16 potions of curing
 s - 5 potions of mutation
 v - a potion of invisibility
 A - 14 potions of heal wounds
 D - 8 potions of attraction
 M - 5 potions of brilliance
 O - 3 potions of lignification
 P - a potion of cancellation
 Q - 6 potions of haste
 R - 6 potions of berserk rage
 S - 6 potions of resistance
 U - a potion of magic {unknown}
Miscellaneous
 l - a phantom mirror
 x - a box of beasts


   Skills:
 + Level 16.0 Fighting
 * Level 22.2 Crossbows
 + Level 16.0 Dodging
 - Level 14.0 Stealth
 + Level 11.3 Spellcasting
 + Level 9.4 Conjurations
 + Level 10.2 Hexes
 + Level 14.7 Summonings
 + Level 9.1 Translocations
 + Level 9.0 Transmutations
 - Level 5.0 Air Magic
 - Level 8.0 Evocations


You had 21 spell levels left.
You knew the following spells:

 Your Spells              Type           Power      Damage    Failure   Level
a - Call Imp              Summ           42%        N/A       1%          2
b - Summon Mana Viper     Hex/Summ       36%        N/A       2%          5
c - Iskenderun's Mystic   Conj/Tloc      29%        2d7       2%          4
d - Passage of Golubria   Tloc           28%        N/A       3%          4
e - Yara's Violent Unrav  Hex/Tmut       14%        3d7       7%          5
f - Swiftness             Air            18%        N/A       4%          3

Your spell library contained the following spells:

 Spells                   Type           Power      Damage    Failure   Level
 Magic Dart               Conj           100%       1d8       1%          1
 Shock                    Conj/Air       96%        1d9       1%          1
 Sting                    Tmut/Pois      68%        1d6       1%          1
 Summon Small Mammal      Summ           100%       N/A       1%          1
 Searing Ray              Conj           58%        2d6       1%          2
 Dazzling Flash           Conj/Hex       60%        N/A       1%          3
 Gell's Gravitas          Tloc           28%        N/A       1%          3
 Lesser Beckoning         Tloc           28%        N/A       1%          3
 Summon Guardian Golem    Hex/Summ       36%        N/A       1%          3
 Teleport Other           Tloc           28%        N/A       1%          3
 Tukima's Dance           Hex            31%        N/A       1%          3
 Cause Fear               Hex            15%        N/A       1%          4
 Ensorcelled Hibernation  Hex/Ice        38%        N/A       2%          2
 Summon Forest            Summ/Tloc      17%        N/A       2%          5
 Passwall                 Tmut/Erth      14%        N/A       3%          2
 Inner Flame              Hex/Fire       19%        N/A       4%          3
 Summon Cactus Giant      Summ           21%        N/A       4%          6
 Conjure Flame            Conj/Fire      18%        6-21      5%          3
 Mephitic Cloud           Conj/Pois/Air  18%        N/A       5%          3
 Stone Arrow              Conj/Erth      36%        3d9       5%          3
 Spider Form              Tmut/Pois      17%        N/A       6%          3
 Summon Ice Beast         Ice/Summ       24%        N/A       6%          4
 Poisonous Vapours        Pois/Air       24%        N/A       7%          2
 Irradiate                Conj/Tmut      14%        3d18      9%          5
 Freeze                   Ice            24%        1d5       13%         1
 Sandblast                Erth           12%        2d6       13%         1
 Anguish                  Hex/Necr       9%         N/A       16%         4
 Leda's Liquefaction      Hex/Erth       9%         N/A       16%         4
 Airstrike                Air            9%         N/A       17%         4
 Flame Wave               Conj/Fire      18%        2d6       19%         4
 Hailstorm                Conj/Ice       18%        3d6       19%         4
 Scorch                   Fire           12%        2d6       21%         2
 Sublimation of Blood     Necr           6%         N/A       21%         2
 Ice Form                 Ice/Tmut       17%        N/A       21%         4
 Petrify                  Tmut/Erth      17%        N/A       21%         4
 Monstrous Menagerie      Summ           21%        N/A       26%         7
 Frozen Ramparts          Ice            12%        1d3       36%         3
 Ozocubu's Armour         Ice            6%         N/A       36%         3
 Metabolic Englaciation   Hex/Ice        9%         N/A       41%         5
 Fireball                 Conj/Fire      9%         3d6       45%         5
 Freezing Cloud           Conj/Ice/Air   9%         6-21      45%         5
 Spellforged Servitor     Conj/Summ      17%        N/A       61%         7
 Malign Gateway           Summ/Tloc      17%        N/A       63%         7
 Dispel Undead            Necr           6%         3d8       78%         4
 Olgreb's Toxic Radiance  Pois           6%         N/A       78%         4
 Enfeeble                 Hex            15%        N/A       85%         7
 Summon Horrible Things   Summ           21%        N/A       90%         8
 Orb of Destruction       Conj           14%        9d7       92%         7
 Dragon Form              Tmut           14%        N/A       95%         7
 Starburst                Conj/Fire      9%         6d5       96%         6
 Statue Form              Tmut/Erth      11%        N/A       97%         6
 Borgnjor's Vile Clutch   Necr/Erth      3%         N/A       98%         5
 Excruciating Wounds      Necr           3%         N/A       98%         5
 Haunt                    Necr/Summ      12%        N/A       99%         7
 Storm Form               Tmut/Air       11%        N/A       99%         7
 Death Channel            Necr           3%         N/A       100%        6
 Simulacrum               Ice/Necr       3%         N/A       100%        6
 Discord                  Hex            15%        N/A       100%        8
 Ignition                 Fire           3%         3d4       100%        8
 Infestation              Necr           3%         N/A       100%        8
 Dragon's Call            Summ           21%        N/A       100%        9


Dungeon Overview and Level Annotations

Branches:
Dungeon (15/15)            Temple (0/1) D:7            Lair (6/6) D:8
 Shoals (4/4) Lair:2       Spider (4/4) Lair:2        Slime (0/5) Lair:6
    Orc (2/2) D:11            Elf (3/3) Orc:2        Vaults (4/5) D:14
  Crypt (3/3) Vaults:2       Tomb (1/3) Crypt:3      Depths (3/4) D:15
Desolation (visited)

Shops:
D:2 ?:((*   D:3 =([   D:6 [   D:14 ?   D:15 *   Orc:1 *   Orc:2 =(?(   Elf:2 :
Shoals:3 *   Vaults:2 :   Vaults:3 *[:

Portals:
Hell: Depths:1 Depths:2 Depths:3
Abyss: Depths:3
Pandemonium: Depths:2
Ziggurat: Depths:2

Annotations:
D:8 exclusion: centaur warrior
Shoals:2 6 transporters
Elf:1 6 runed translucent doors
Elf:3 3 runed translucent doors, WhatIsLove's ghost, adept DjCj
Tomb:1 Khufu
Depths:2 2 transporters, BigAl's ghost, adept MiBe; Qipyogro's ghost, adept MfGl


Innate Abilities, Weirdness & Mutations

You have an increased reservoir of magic. (+10% MP)
You shall have no god before yourself.
Your divine heritage dramatically boosts your attributes as you level up.
Armour fits poorly on your strangely shaped body.
Your body sometimes deteriorates upon taking damage.
Your flesh is heat resistant. (rF+)


Message History

Aim: an ancient lich (heavily damaged, 83% to hit)
You shoot a bolt. The bolt hits the ancient lich!!!
The bolt freezes the ancient lich.
The ancient lich is almost destroyed.
The war gargoyle launches metal splinters at you.
The spray of metal splinters misses you.
You have turned to stone.
The war gargoyle hits you but does no damage. x2
The ancient lich touches you but does no damage.
The war gargoyle hits you with a +0 flail!
The ancient lich gestures at you while chanting.
The bolt of acid hits you!! The acid corrodes you!
The war gargoyle hits you with a +0 flail!
The ancient lich points at you and mumbles some strange words.
The bolt of acid hits you!!! The acid corrodes you!
The war gargoyle launches metal splinters at you.
The spray of metal splinters hits you.
The war gargoyle hits you with a +0 flail!
The ancient lich points at you and mumbles some strange words.
The crystal spear hits you!!!!
* * * LOW HITPOINT WARNING * * *
The war gargoyle hits you with a +0 flail!!
* * * LOW HITPOINT WARNING * * *
The ancient lich touches you!
* * * LOW HITPOINT WARNING * * *
The war gargoyle hits you with a +0 flail!!
* * * LOW HITPOINT WARNING * * *
The war gargoyle hits you but does no damage.
The ancient lich touches you!
* * * LOW HITPOINT WARNING * * *
The war gargoyle hits you with a +0 flail!!
* * * LOW HITPOINT WARNING * * *
The ancient lich touches you!
* * * LOW HITPOINT WARNING * * *
The war gargoyle hits you with a +0 flail.
* * * LOW HITPOINT WARNING * * *
The ancient lich touches you!
* * * LOW HITPOINT WARNING * * *
The war gargoyle hits you with a +0 flail!!
You die...

################## #
#$$$$:##≈≈≈#≈≈'... #
#...>=##≈#≈#≈##... #####
#....|##≈#≈#≈##..) ....#
#9...)##≈#≈≈≈##... ###.#
#L9..=##≈######... ###'#########
#@# #≈≈.# #'## #...........##
#.########)####≈#≈ #............#
#§#..°##.....##≈#≈ #............#
#§#○#☼##.....##≈#≈ ###+##.......#
#§#☼#§##.....##≈#≈
............####○#.#☼##.>...##≈#≈
............+.##☼°°#.##)....##≈≈≈
............#.######.######'#####
............#.######'######≈#####


You could see an ancient lich and 2 war gargoyles.

Vanquished Creatures
  An ancient lich (Crypt:3)
  Mara (Spider:4)
  Vv (Crypt:1)
  Saint Roka (Crypt:1)
  Bai Suzhen (Crypt:2)
  Nikola (Spider:4)
  A golden dragon (Depths:1)
  Josephina (Depths:2)
  Arachne (Spider:4)
  Jory (Crypt:2)
  4 liches
  A walking earthen tome (Depths:1)
  4 deep elf master archers (Elf:3)
  2 tentacled monstrosities
  3 deep elf blademasters
  A quicksilver dragon (Vaults:1)
  A titan (Depths:3)
  Frances (Shoals:1)
  4 ancient champions
  2 krakens (Shoals:3)
  Polyphemus (Shoals:2)
  17 sphinxes
  Agnes (D:15)
  3 tengu reavers
  2 storm dragons
  Roxanne (Shoals:2)
  Donald (Elf:3)
  Gastronok (Lair:2)
  3 revenants
  Ilsuiw (Shoals:2)
  7 frost giants
  5 fire giants
  6 emperor scorpions
  13 deep elf sorcerers
  9 vault wardens
  5 ghost moths (Spider:4)
  An imperial myrmidon (Desolation)
  A balrug (Depths:2)
  2 curse skulls (Crypt:3)
  12 ghouls
  An orc warlord (Vaults:4)
  A deep elf elementalist (Elf:3)
  12 ironbound preservers
  9 stone giants
  17 very ugly things
  A spriggan defender (Depths:3)
  A reaper (Depths:1)
  A caustic shrike zombie (Crypt:1)
  4 broodmothers
  A war gargoyle (Vaults:1)
  14 vampire knights (Crypt:3)
  6 ironbound thunderhulks
  4 deep elf annihilators
  4 entropy weavers
  2 halazid warlocks (Desolation)
  4 deep elf demonologists
  8 dire elephants
  The ghost of Jufoathr Pite the Severer, a journeyman MiFi of Hepliaklqana (Lair:5)
  7 spark wasps
  2 minotaurs (Shoals:4)
  5 eidola
  12 ettins
  A green death (Depths:2)
  5 merfolk impalers
  3 mummy priests (Tomb:1)
  9 yaktaur captains
  6 ragged hierophants (Desolation)
  7 deep elf death magi
  3 crystal guardians
  10 jiangshi
  A spriggan zombie (Crypt:1)
  3 fire dragons (Depths:1)
  2 merfolk javelineers
  6 deep elf high priests
  5 great orbs of eyes
  3 rakshasas
  A fenstrider witch zombie (Crypt:3)
  15 vault guards
  7 hydras
  10 servants of whispers (Desolation)
  A quicksilver dragon skeleton (Crypt:1)
  6 ironbound frosthearts
  2 ice dragons
  7 peacekeepers
  2 jorogumos
  A juggernaut simulacrum (Depths:2)
  6 merfolk avatars
  7 boulder beetles
  14 centaur warriors
  3 death knights
  7 ogre magi
  A spriggan air mage (Depths:1)
  2 catoblepae
  A caustic shrike simulacrum (Depths:3)
  5 merfolk aquamancers
  11 satyrs
  A fenstrider witch skeleton (Crypt:1)
  30 dancing weapons
  4 radroaches
  4 death yaks
  An alligator snapping turtle (Shoals:1)
  2 spriggan skeletons (Crypt:1)
  19 two-headed ogres
  3 deep troll shamans
  6 death scarabs
  5 deep troll earth magi
  An orc high priest (Elf:2)
  A titan zombie (Depths:3)
  2 spriggan berserkers
  9 vampire magi
  4 tengu warriors
  30 deep elf knights
  9 hell knights
  2 soul eaters (Depths:1)
  A sun demon (Depths:2)
  3 iron trolls
  A fire crab (Lair:5)
  A sixfirhy (Depths:2)
  4 anaconda zombies
  3 glowing orange brains
  37 skeletal warriors
  5 pharaoh ants (Spider:4)
  A shadow wraith (Crypt:2)
  9 sea snakes
  A deep troll (shapeshifter) (Elf:2)
  A glowing orange brain (shapeshifter) (Vaults:1)
  42 deep trolls
  4 flayed ghosts
  3 spriggan simulacra
  5 orc knights
  2 steelbarb worms (Spider:3)
  13 ironbound convokers
  3 bunyip skeletons
  10 necromancers
  3 bog bodies
  11 wizards
  23 harpies
  10 orb spiders
  15 wolf spiders
  16 deep elf archers
  26 deep elf zephyrmancers
  A shining eye (shapeshifter) (Depths:1)
  22 phantasmal warriors
  61 ugly things
  37 deep elf pyromancers
  A salamander (shapeshifter) (Elf:3)
  2 orc sorcerers
  21 manticores
  8 cyclopes
  20 fauns
  A naga zombie (Crypt:3)
  26 elephants
  3 guardian serpents
  3 dire elephant zombies
  10 black mambas
  9 moths of wrath
  7 merfolk sirens
  2 water nymphs
  A stone giant skeleton (Crypt:1)
  A molten gargoyle (Desolation)
  2 alligator snapping turtle zombies (Crypt:3)
  Joseph (D:9)
  19 vault sentinels
  A green draconian zombie (Crypt:2)
  7 torpor snails
  A naga skeleton (Crypt:1)
  A shock serpent skeleton (Crypt:3)
  22 cane toads
  A smoke demon (Depths:1)
  4 gargoyles
  27 yaktaurs
  2 rime drakes
  Maggie (D:10)
  An orange demon (Depths:2)
  5 komodo dragons
  2 golden dragon simulacra
  A red draconian zombie (Crypt:2)
  An alligator snapping turtle skeleton (Crypt:2)
  A yaktaur zombie (Vaults:2)
  A spark wasp simulacrum (Depths:3)
  3 freezing wraiths
  A catoblepas skeleton (Crypt:3)
  8 demonic crawlers
  An ice devil (Depths:2)
  2 tengu conjurers
  A human skeleton (Vaults:2)
  A hellwing (Depths:2)
  31 merfolk
  13 guardian mummies
  5 trolls
  9 meliai
  4 harpy zombies
  A sea snake skeleton (Crypt:1)
  2 polar bears
  63 saltlings (Desolation)
  An iron troll skeleton (Crypt:3)
  38 tarantellas
  10 wind drakes
  29 blink frogs
  A jumping spider zombie (Crypt:2)
  2 harpy skeletons
  A stone giant simulacrum (Crypt:1)
  A fire dragon zombie (Crypt:3)
  21 hornets
  A hornet (shapeshifter) (D:14)
  A shadow dragon simulacrum (Depths:2)
  5 dream sheep
  23 slime creatures
  An ettin zombie (Crypt:3)
  8 snapping turtles
  7 air elementals
  42 jumping spiders
  A wind drake zombie (Crypt:2)
  16 spriggans
  Sigmund (D:4)
  32 flying skulls
  An ettin skeleton (Tomb:1)
  A fire dragon skeleton (Crypt:1)
  20 culicivoras
  14 wraiths
  A vampire (D:12)
  An elf skeleton (Vaults:2)
  17 water elementals
  37 yaks
  A basilisk (shapeshifter) (D:15)
  21 humans (D:14)
  11 wyverns
  40 redbacks
  A steam dragon (D:7)
  10 fire elementals
  3 ushabtiu (Tomb:1)
  Grum (D:11)
  2 vampire mosquitoes (D:14)
  4 basilisks
  2 acid dragons
  A glowing shapeshifter zombie (Crypt:1)
  22 water moccasins
  A swamp worm (shapeshifter) (Vaults:3)
  A floating eye (Depths:1)
  7 black bears
  20 orc warriors
  3 sky beasts
  An elephant zombie (Crypt:1)
  An ettin simulacrum (Crypt:2)
  4 necrophages
  5 boggarts
  39 ogres
  6 centaurs
  24 wolves
  A fire crab zombie (Crypt:3)
  13 bullfrogs
  A rime drake skeleton (Crypt:3)
  2 gnoll sergeants
  5 earth elementals
  A naga simulacrum (Crypt:1)
  9 killer bees
  6 wights
  2 electric eels
  2 human simulacra (Vaults:2)
  8 howler monkeys
  2 bullfrog zombies (D:5)
  3 centaur zombies
  A hound (D:6)
  A jelly (Lair:6)
  3 bullfrog skeletons
  A gnoll shaman (D:7)
  16 orc priests
  Ijyb (D:3)
  14 orc wizards
  2 iguanas
  5 yak simulacra (D:13)
  A polar bear simulacrum (D:13)
  A wolf simulacrum (D:13)
  A sky beast zombie (Crypt:1)
  An ogre skeleton (Crypt:2)
  A hound skeleton (Crypt:2)
  9 mummies (Tomb:1)
  3 howler monkey zombies
  14 gnolls
  6 adders
  3 white imps
  3 ufetubi
  An adder zombie (D:3)
  2 adder skeletons
  6 worms
  A dart slug (D:3)
  65 orcs
  A bat skeleton (Crypt:2)
  4 endoplasms
  3 giant cockroaches
  2 goblins
  6 hobgoblins
  7 kobolds
  4 quokkas
  3 ball pythons
  6 bats
  4 frilled lizards
  A hobgoblin skeleton (Crypt:1)
  A hobgoblin zombie (Crypt:3)
  A jackal zombie (Crypt:2)
  6 rats
  4 river rat simulacra (D:13)
  4 tentacles (Shoals:3)
2122 creatures vanquished.

Vanquished Creatures (collateral kills)
  A royal mummy (Tomb:1)
  Frederick (Crypt:1)
  A flying skull (Crypt:1)
3 creatures vanquished.

Vanquished Creatures (others)
  A lich (Vaults:1)
  A deep elf knight (Elf:2)
  A wizard (D:14)
  A jumping spider (Spider:4)
  A water elemental (Elf:1)
  An orc wizard (Elf:1)
  4 orcs
  69 fungi
  92 plants
  41 tentacles (Shoals:3)
  60 withered plants (Crypt:3)
272 creatures vanquished.

Grand Total: 2397 creatures vanquished

Notes
Turn   | Place    | Note
-------+----------+-------------------------------------------
     0 | D:1      | Hasart the Demigod Hunter began the quest for the Orb.
     0 | D:1      | Reached XP level 1. HP: 17/17 MP: 3/3
   101 | D:1      | Reached skill level 1 in Stealth
   353 | D:1      | Reached XP level 2. HP: 24/24 MP: 4/4
   746 | D:2      | Found Amikhlof's Magic Scroll Boutique.
   767 | D:2      | Found Agivvaf's Book Shop.
   793 | D:2      | Found Maf Zyeno's Antique Weapon Shoppe.
   862 | D:2      | Reached skill level 4 in Crossbows
   862 | D:2      | Reached XP level 3. HP: 11/29 MP: 5/5
  1133 | D:2      | Found Huti's Assorted Antiques.
  1215 | D:2      | Found Jaciadasha's Antique Weapon Emporium.
  1736 | D:3      | Found Vyffehos's Antique Armour Boutique.
  1830 | D:3      | Found Tuonkeja's Antique Weapon Boutique.
  1836 | D:3      | Found Ufeuwnum's Jewellery Emporium.
  1875 | D:3      | Identified the +0 robe of Insatiable Hunger {Will+}
  1943 | D:3      | Reached XP level 4. HP: 37/37 MP: 6/6
  2065 | D:3      | Noticed Ijyb
  2190 | D:3      | Killed Ijyb
  2401 | D:3      | Identified the ring "Suvvuklimex" {rF++ rC- Dex+6 Slay+2}
  2567 | D:3      | Reached XP level 5. HP: 33/42 MP: 7/7
  2817 | D:4      | Noticed Sigmund
  2902 | D:4      | Noticed an ogre
  3076 | D:3      | Killed an ogre
  3077 | D:3      | Reached skill level 5 in Crossbows
  3281 | D:4      | Reached XP level 6. HP: 51/51 MP: 8/8
  3509 | D:4      | Killed Sigmund
  3661 | D:5      | Entered Level 5 of the Dungeon
  4034 | D:5      | Reached XP level 7. HP: 57/57 MP: 9/9
  4082 | D:5      | Reached skill level 6 in Crossbows
  4553 | D:6      | Found Xenallusch's Antique Armour Boutique.
  5245 | D:7      | Reached skill level 1 in Evocations
  5245 | D:7      | Reached XP level 8. HP: 67/67 MP: 10/10
  5362 | D:7      | Reached skill level 7 in Crossbows
  5495 | D:7      | You fall into a shaft and drop 3 floors!
  5495 | D:10     | Entered Level 10 of the Dungeon
  5524 | D:10     | Noticed a deep elf pyromancer
  5533 | D:10     | Killed a deep elf pyromancer
  5551 | D:10     | Reached skill level 5 in Stealth
  5642 | D:10     | HP: 3/60 [wight/+5 long sword (1)]
  5936 | D:9      | Noticed a +0 dagger
  5938 | D:9      | Noticed a +0 hand axe
  6202 | D:8      | Reached skill level 5 in Fighting
  6442 | D:8      | Noticed a centaur warrior
  6521 | D:8      | Reached skill level 5 in Dodging
  6731 | D:7      | Reached XP level 9. HP: 74/74 MP: 11/11
  6782 | D:7      | Reached skill level 8 in Crossbows
  6916 | D:7      | Found a staircase to the Ecumenical Temple.
  7635 | D:8      | Found a staircase to the Lair.
  7991 | D:9      | Noticed Joseph
  7991 | D:9      | Noticed a two-headed ogre
  8370 | D:9      | Reached skill level 9 in Crossbows
  8612 | D:3      | Bought a jewelled troll leather armour for 480 gold pieces
  8612 | D:3      | Identified the +5 troll leather armour "Letax" {Fly Regen+}
                  | (You bought it in a shop on level 3 of the Dungeon)
  8887 | D:8      | Killed a two-headed ogre
  8888 | D:8      | Reached XP level 10. HP: 75/83 MP: 13/13
  9007 | D:9      | Killed Joseph
  9824 | D:10     | Noticed Maggie
  9837 | D:10     | Killed Maggie
  9914 | D:10     | Noticed a two-headed ogre
  9940 | D:10     | Killed a two-headed ogre
  9941 | D:10     | Reached skill level 5 in Evocations
 10113 | D:11     | Noticed a two-headed ogre
 10120 | D:11     | Killed a two-headed ogre
 10121 | D:11     | Reached skill level 10 in Crossbows
 10154 | D:11     | Identified a scroll of acquirement
 10154 | D:11     | Acquired a manual of Summonings
 10230 | D:11     | Noticed a two-headed ogre
 10231 | D:11     | Noticed Grum
 10267 | D:11     | Killed a two-headed ogre
 10268 | D:11     | Reached skill level 1 in Summonings
 10329 | D:11     | Noticed a manticore
 10337 | D:11     | Killed a manticore
 10545 | D:11     | Found a staircase to the Orcish Mines.
 10595 | D:11     | Reached skill level 1 in Spellcasting
 11025 | D:12     | Noticed a cyclops
 11034 | D:12     | Killed a cyclops
 11035 | D:12     | Reached XP level 11. HP: 89/92 MP: 14/16
 11078 | Orc:1    | Entered Level 1 of the Orcish Mines
 11175 | Orc:2    | Entered Level 2 of the Orcish Mines
 11175 | Orc:2    | Noticed a two-headed ogre
 11175 | Orc:2    | Noticed a two-headed ogre
 11176 | Orc:2    | Noticed a two-headed ogre
 11273 | D:11     | Killed a two-headed ogre
 11323 | D:11     | Killed a two-headed ogre
 11505 | Lair:1   | Entered Level 1 of the Lair of Beasts
 11673 | Lair:1   | Noticed a five-headed hydra
 11693 | Lair:1   | Killed a five-headed hydra
 11763 | Lair:1   | Reached skill level 11 in Crossbows
 11804 | Lair:1   | Noticed a six-headed hydra
 11811 | Lair:1   | Killed a six-headed hydra
 11834 | Lair:1   | Noticed a five-headed hydra
 11842 | Lair:1   | Killed a five-headed hydra
 11878 | Lair:1   | Noticed a five-headed hydra
 11885 | Lair:1   | Killed a five-headed hydra
 11886 | Lair:1   | Reached skill level 5 in Summonings
 11984 | Lair:1   | Acquired a +2 arbalest of freezing
 12421 | Lair:2   | Found a hole to the Spider Nest.
 12463 | Lair:2   | Noticed Gastronok
 12501 | Lair:2   | Killed Gastronok
 12502 | Lair:2   | Reached XP level 12. HP: 81/101 MP: 20/20
 12625 | Lair:2   | Learned a level 2 spell: Call Imp
 12867 | D:3      | Bought a pair of embroidered gloves for 180 gold pieces
 12867 | D:3      | Bought a runed helmet for 180 gold pieces
 13226 | Lair:2   | Found a staircase to the Shoals.
 13232 | Lair:2   | Reached skill level 12 in Crossbows
 15201 | Lair:5   | Reached XP level 13. HP: 110/110 MP: 24/24
 15201 | Lair:5   | Found a transporter.
 15212 | Lair:5   | Found a transporter.
 15227 | Lair:5   | Noticed Jufoathr Pite's ghost (journeyman MiFi)
 15314 | Lair:5   | Reached skill level 5 in Spellcasting
 15847 | Lair:6   | Entered Level 6 of the Lair of Beasts
 15943 | Lair:6   | Reached skill level 13 in Crossbows
 16120 | Lair:6   | Reached skill level 10 in Stealth
 16183 | Lair:6   | Found a staircase to the Slime Pits.
 16475 | Lair:6   | Learned a level 5 spell: Summon Mana Viper
 16593 | Lair:6   | Reached skill level 1 in Hexes
 16671 | Lair:6   | Reached XP level 14. HP: 119/119 MP: 27/27
 16891 | Lair:6   | Reached skill level 10 in Summonings
 17340 | D:3      | Bought a ring of willpower for 350 gold pieces
 17969 | Orc:1    | Reached skill level 14 in Crossbows
 18089 | Orc:1    | Paralysed by an ogre mage for 6 turns
 18370 | Orc:1    | Reached skill level 10 in Fighting
 18595 | Orc:2    | Reached skill level 10 in Dodging
 18663 | Orc:2    | Found a staircase to the Elven Halls.
 18684 | Orc:2    | Found Ron Ciol's Magic Scroll Emporium.
 18684 | Orc:2    | Found Vaczat's Jewellery Boutique.
 18686 | Orc:2    | Found Veruecai's Weapon Shop.
 18686 | Orc:2    | Found Gonouka's Antique Weapon Emporium.
 18954 | Orc:1    | Found Niunun's Overcharged Wands.
 20450 | D:11     | Killed Grum
 21126 | Lair:5   | Killed Jufoathr Pite's ghost
 21332 | Lair:5   | Identified the +2 pair of boots "Kepe" {rN++ Str+2}
 21334 | Lair:5   | Identified the +1 helmet of Xainlut {Rampage rF+ rC+}
 22474 | D:14     | Found Zoddin's Magic Scroll Shoppe.
 22480 | D:14     | Bought a scroll of enchant weapon for 75 gold pieces
 22480 | D:14     | Bought a scroll of blinking for 75 gold pieces
 22480 | D:14     | Bought 3 scrolls of teleportation for 90 gold pieces
 22495 | D:14     | Reached XP level 15. HP: 122/128 MP: 27/30
 22797 | D:3      | Bought the ring of Due Proportion {rC+ rN++ SInv} for 653
                  | gold pieces
 23526 | D:14     | Found a gate to the Vaults.
 23671 | D:14     | Learned a level 4 spell: Iskenderun's Mystic Blast
 23676 | D:14     | Learned a level 4 spell: Passage of Golubria
 23683 | D:14     | Learned a level 5 spell: Yara's Violent Unravelling
 23715 | D:15     | Entered Level 15 of the Dungeon
 23851 | D:15     | Reached skill level 1 in Translocations
 23863 | D:15     | Reached skill level 1 in Conjurations
 23878 | D:15     | Reached skill level 15 in Crossbows
 23924 | D:15     | Noticed Agnes
 23932 | D:15     | Reached skill level 1 in Transmutations
 23934 | D:15     | Killed Agnes
 24113 | D:15     | Found Viusofos's Pet Rocks.
 24474 | D:15     | Found a staircase to the Depths.
 24675 | Shoals:1 | Entered Level 1 of the Shoals
 25348 | Shoals:1 | Noticed Frances
 25358 | Shoals:1 | Killed Frances
 25446 | Shoals:1 | Reached skill level 5 in Hexes
 25932 | Shoals:2 | Identified the +1 ring mail of Suizxecu {Rampage Int+5}
 25952 | Shoals:2 | Noticed Ilsuiw
 25960 | Shoals:2 | Noticed Polyphemus
 26343 | Shoals:2 | Killed Ilsuiw
 26615 | Shoals:2 | Killed Polyphemus
 26667 | Shoals:2 | Reached XP level 16. HP: 137/137 MP: 32/32
 26668 | Shoals:2 | Found a transporter.
 26670 | Shoals:2 | Found a transporter.
 26718 | Shoals:2 | Identified Roxanne's Guide on the Rocks
 26718 | Shoals:2 | Noticed Roxanne
 26739 | Shoals:2 | Killed Roxanne
 27016 | Shoals:2 | Found a transporter.
 27019 | Shoals:2 | Found a transporter.
 27042 | Shoals:2 | Found a transporter.
 27044 | Shoals:2 | Found a transporter.
 27657 | Shoals:3 | Noticed a kraken
 27700 | Shoals:3 | Killed a kraken
 27896 | Shoals:3 | Noticed a kraken
 27992 | Shoals:3 | Killed a kraken
 28109 | Shoals:3 | Found Diraosh's Gadget Gallery.
 28585 | Shoals:4 | Entered Level 4 of the Shoals
 29659 | D:2      | Bought a scroll of blinking for 97 gold pieces
 29659 | D:2      | Bought a scroll of blinking for 97 gold pieces
 29659 | D:2      | Bought a scroll of blinking for 97 gold pieces
 30077 | Shoals:4 | Noticed a sphinx
 30083 | Shoals:4 | Killed a sphinx
 30084 | Shoals:4 | Reached skill level 16 in Crossbows
 30170 | Shoals:4 | Noticed a sphinx
 30178 | Shoals:4 | Killed a sphinx
 30248 | Shoals:4 | Got a barnacled rune of Zot
 30251 | Shoals:4 | Got the Catalogue of Ice and Flight
 30434 | Shoals:4 | Learned a level 3 spell: Swiftness
 30650 | Elf:1    | Entered Level 1 of the Elven Halls
 30852 | Elf:1    | Reached XP level 17. HP: 84/144 MP: 18/34
 31047 | Elf:1    | Reached skill level 1 in Air Magic
 31657 | Elf:1    | Noticed a Tzitzimitl
 31755 | Elf:1    | Found a runed translucent gate.
 31755 | Elf:1    | Found a runed translucent gate.
 31755 | Elf:1    | Found a runed translucent gate.
 31755 | Elf:1    | Found a runed translucent gate.
 31755 | Elf:1    | Found a runed translucent gate.
 31758 | Elf:1    | Found a runed translucent gate.
 31780 | Elf:1    | Paralysed by an air elemental for 1 turns
 31783 | Elf:1    | Paralysed by an air elemental for 1 turns
 31967 | Elf:1    | Reached skill level 5 in Conjurations
 32297 | Vaults:1 | Entered Level 1 of the Vaults
 32732 | Vaults:1 | Reached skill level 5 in Transmutations
 33210 | D:2      | Bought a scroll of brand weapon for 260 gold pieces
 33210 | D:2      | Bought a scroll of enchant weapon for 97 gold pieces
 33727 | Vaults:1 | Noticed a lich
 33735 | Vaults:1 | Killed a lich
 34381 | Vaults:1 | Noticed a quicksilver dragon
 34455 | Vaults:1 | Paralysed by a sphinx for 5 turns
 34680 | Vaults:1 | Reached skill level 17 in Crossbows
 34806 | Vaults:1 | Killed a quicksilver dragon
 34921 | Vaults:1 | Reached XP level 18. HP: 104/155 MP: 22/35
 35072 | Vaults:1 | Identified the +2 robe of Wrong Decisions {Regen+ Stlth+}
 35507 | Spider:1 | Entered Level 1 of the Spider Nest
 36068 | Spider:1 | Identified the ring "Zocs" {rN+ MP+9}
 37226 | Orc:2    | Bought a scroll of fog for 30 gold pieces
 37226 | Orc:2    | Bought a scroll of magic mapping for 52 gold pieces
 37226 | Orc:2    | Bought a scroll of enchant weapon for 112 gold pieces
 37226 | Orc:2    | Bought a scroll of fog for 30 gold pieces
 37226 | Orc:2    | Bought a scroll of teleportation for 45 gold pieces
 37297 | Elf:2    | Found Liezaoca's Book Shop.
 37692 | Elf:2    | Found a runed translucent gate.
 37692 | Elf:2    | Found a runed translucent gate.
 37693 | Elf:2    | Found a runed translucent gate.
 37785 | Elf:2    | Reached skill level 18 in Crossbows
 37849 | Elf:2    | Paralysed by an air elemental for 1 turns
 40526 | Spider:4 | Entered Level 4 of the Spider Nest
 40829 | Spider:4 | Noticed Arachne
 40832 | Spider:4 | Noticed Mara
 40992 | Spider:4 | Identified the +1 chain mail "Kupit" {Harm}
 41095 | Spider:4 | Noticed Nikola
 41132 | Spider:4 | Killed Nikola
 41418 | Spider:4 | Reached XP level 19. HP: 164/165 MP: 37/37
 41425 | Spider:4 | Identified the +10 trident "Vubralos" {drain, Str+3}
 41823 | Vaults:2 | Reached skill level 19 in Crossbows
 42328 | Vaults:2 | Found Qyciypre's Book Boutique.
 42445 | Vaults:2 | Found a staircase to the Crypt.
 43167 | Vaults:3 | Found a flickering gateway to a bazaar.
 43176 | Bazaar   | Entered a bazaar
 43192 | Bazaar   | Found Pecrekhly's Distillery.
 43193 | Bazaar   | Found Tarchalo's Book Shoppe.
 43236 | Bazaar   | Found Ponk's General Store.
 43236 | Bazaar   | Found Vauxt's Magic Scroll Emporium.
 43258 | Bazaar   | Bought a scroll of teleportation for 33 gold pieces
 43258 | Bazaar   | Bought a scroll of enchant weapon for 82 gold pieces
 43258 | Bazaar   | Bought a scroll of teleportation for 33 gold pieces
 43295 | Bazaar   | Bought a potion of mutation for 152 gold pieces
 43295 | Bazaar   | Bought 2 potions of might for 152 gold pieces
 43295 | Bazaar   | Bought a potion of haste for 190 gold pieces
 43315 | Bazaar   | Bought a potion of haste for 100 gold pieces
 43344 | Vaults:3 | Acquired 867 gold pieces
 43632 | Vaults:3 | Found Ugemp's Antique Armour Boutique.
 43632 | Vaults:3 | Found Himi's Book Boutique.
 43632 | Vaults:3 | Found Coriatah's Assorted Antiques.
 43638 | Vaults:3 | Bought a book of Maledictions for 714 gold pieces
 43663 | Vaults:3 | Bought a scroll of teleportation for 63 gold pieces
 43663 | Vaults:3 | Bought a scroll of fear for 73 gold pieces
 43950 | Vaults:3 | Reached skill level 20 in Crossbows
 44030 | Vaults:3 | Reached skill level 5 in Translocations
 44970 | Vaults:4 | Found a crumbling gateway.
 44975 | Desolati | Entered the Desolation of Salt
 45042 | Desolati | Reached XP level 20. HP: 96/176 MP: 35/38
 45068 | Desolati | Got the Reference Book on the Frostbite and the Blaze
 45069 | Desolati | Identified the +2 ring mail of the Guilds {rPois}
 45074 | Desolati | Got the Incunabulum of Creation and the Frostbite
 45141 | Desolati | Identified the +6 scale mail of a treasure trove {Int+2
                  | Dex+3}
 45465 | Desolati | Identified the ring "Bijuq" {rF+ Str+6}
 45470 | Desolati | Got the Volume of Evil Stones
 45601 | Desolati | Got Qupuasog's Almanac of Confrontation and Toxins
 46473 | Vaults:4 | Identified the +2 leather armour of Qaugray {rN+}
 47229 | Crypt:1  | Entered Level 1 of the Crypt
 47238 | Crypt:1  | Noticed Saint Roka
 47365 | Crypt:1  | Killed Saint Roka
 47670 | Crypt:1  | Noticed Frederick
 47690 | Crypt:1  | Killed Frederick
 47705 | Crypt:1  | Noticed Vv
 47711 | Crypt:1  | Killed Vv
 48673 | Crypt:2  | Reached XP level 21. HP: 183/183 MP: 40/40
 48928 | Crypt:2  | Noticed Bai Suzhen
 48935 | Crypt:2  | Killed Bai Suzhen
 49097 | Crypt:3  | Entered Level 3 of the Crypt
 49103 | Crypt:3  | Found a staircase to the Tomb.
 49276 | Crypt:3  | Reached skill level 5 in Air Magic
 49496 | Crypt:3  | Reached skill level 15 in Fighting
 49773 | Crypt:3  | Reached skill level 15 in Dodging
 49951 | Crypt:3  | Reached skill level 21 in Crossbows
 50057 | Crypt:3  | Reached skill level 10 in Spellcasting
 50079 | Crypt:3  | Noticed an ancient lich
 50087 | Crypt:3  | Killed an ancient lich
 50159 | Crypt:3  | Identified the +11 dagger of Sharkskin {freeze, Will-
                  | Str+7}
 50324 | Crypt:3  | Identified the ring of Satyriasis {rF+ Dex+6}
 50564 | Crypt:3  | Found the +5 scythe "Finisher" {speed, eviscerate}
 50590 | Crypt:3  | Identified the +7 short sword of Arbitration {vorpal, rElec
                  | rPois rF- rN++ Will-}
 51373 | Spider:4 | Killed Arachne
 51778 | Spider:4 | Killed Mara
 51915 | Spider:4 | Got a gossamer rune of Zot
 52740 | Crypt:2  | Noticed Jory
 52749 | Crypt:2  | Killed Jory
 52825 | Tomb:1   | Entered Level 1 of the Tomb of the Ancients
 52995 | Tomb:1   | Reached XP level 22. HP: 166/192 MP: 41/41
 53043 | Tomb:1   | Noticed a royal mummy
 53060 | Tomb:1   | Killed a royal mummy
 53591 | Tomb:1   | Noticed a royal mummy
 53592 | Tomb:1   | Noticed Khufu
 54061 | Elf:3    | Entered Level 3 of the Elven Halls
 54898 | Elf:3    | Noticed Donald
 54916 | Elf:3    | Killed Donald
 55110 | Elf:3    | Found a runed translucent gate.
 55110 | Elf:3    | Found a runed translucent gate.
 55110 | Elf:3    | Found a runed translucent gate.
 55518 | Elf:3    | Noticed WhatIsLove's ghost (adept DjCj)
 55755 | Elf:3    | Found the +13 scythe of Curses {drain, Drain}
 55757 | Elf:3    | Found the +3 Mad Mage's Maulers {Infuse+∞ RegenMP Int-3}
 55764 | Elf:3    | Identified the +7 great sword "Axigutih" {freeze, SInv}
 55766 | Elf:3    | Identified the +4 chain mail of Objectivity {rF+ rN+ Dex-2}
 55768 | Elf:3    | Identified the +4 great sword "Fedim" {holy, rN+}
 55777 | Elf:3    | Got Sif Muna's Reference Book on Darkness
 55782 | Elf:3    | Identified a ring of Nofas {rPois Int+3}
 56140 | Depths:1 | Entered Level 1 of the Depths
 56855 | Depths:1 | Gained mutation: You sometimes lose the ability to read
                  | scrolls when taking damage. [a shining eye]
 56875 | Depths:1 | Lost mutation: You sometimes lose the ability to read
                  | scrolls when taking damage. [potion of mutation]
 56875 | Depths:1 | Gained mutation: You have sharp toenails. [potion of
                  | mutation]
 56875 | Depths:1 | Gained mutation: You have a pair of small horns on your
                  | head. [potion of mutation]
 56875 | Depths:1 | Gained mutation: Your muscles are strong. (Str +2) [potion
                  | of mutation]
 56876 | Depths:1 | Lost mutation: You have sharp toenails. [potion of
                  | mutation]
 56876 | Depths:1 | Lost mutation: Your muscles are strong. (Str +2) [potion of
                  | mutation]
 56876 | Depths:1 | Lost mutation: You have a pair of small horns on your head.
                  | [potion of mutation]
 56876 | Depths:1 | Gained mutation: Armour fits poorly on your strangely
                  | shaped body. [potion of mutation]
 56876 | Depths:1 | Gained mutation: Your body sometimes deteriorates upon
                  | taking damage. [potion of mutation]
 56876 | Depths:1 | Gained mutation: Your flesh is heat resistant. (rF+)
                  | [potion of mutation]
 57030 | Depths:1 | Found a gateway to Hell.
 57113 | Depths:2 | Identified the ring of Jijeotek {Ice Str-4 Dex+2 Slay+2
                  | Stlth+}
 57113 | Depths:2 | Noticed Josephina
 57331 | Depths:2 | Reached XP level 23. HP: 145/201 MP: 43/43
 57345 | Depths:2 | Killed Josephina
 57546 | Depths:2 | Found a one-way gateway to a ziggurat.
 57562 | Depths:2 | Noticed BigAl's ghost (adept MiBe)
 57565 | Depths:2 | Found a transporter.
 57565 | Depths:2 | Found a transporter.
 57571 | Depths:2 | Identified the ring of Ashenzari's Fury {Fly rPois Slay+3}
 57573 | Depths:2 | Identified the ring "Quonifu" {Str+2 SInv}
 57575 | Depths:2 | Noticed Qipyogro's ghost (adept MfGl)
 57597 | Depths:2 | Noticed a juggernaut
 57678 | Depths:2 | Reached skill level 10 in Hexes
 57696 | Depths:2 | Reached skill level 22 in Crossbows
 58005 | Depths:2 | Found a one-way gate leading to the halls of Pandemonium.
 59056 | Depths:3 | Found a one-way gate to the infinite horrors of the Abyss.
 59840 | Depths:3 | Paralysed by an air elemental for 1 turns
 60021 | Depths:3 | Noticed an ancient lich
 60031 | Depths:3 | HP: 8/202 [ancient lich (4)]
 60033 | Depths:3 | Slain by a war gargoyle

Illustrated notes

Levels and vault maps discovered:
D:1:      saegor_arrival_under_anarchy, layout_basic,
          hellmonk_ecumenical_altar_run_dry
D:2:      layout_loops_cross, serial_shops, nicolae_shop_behind_doors,
          nicolae_square_shop, shop_fountains, nicolae_lakefront_shop,
          shop_fountains, st_stairs_8
D:3:      layout_loops_cross, serial_shops, shop, shop, shop,
          grunt_ministairs_5, minmay_pentangle, uniq_ijyb
D:4:      layout_rooms, amcnicky_altar_gilded, chequers_serial_rivers_large_a,
          item_on_display_a, uniq_sigmund
D:5:      layout_rooms, nicolae_overflow_crystal_walls
D:6:      layout_basic, fedhas_altar_2, mainiacjoe_overflow_catwalk,
          mainiacjoe_overflow_alcove_4, trog_ov_bears_minmay, serial_curves,
          eino_curves_04, eino_curves_01, serial_shops, nicolae_shop_stone,
          kennysheep_generic_room_9
D:7:      layout_basic, temple_green
D:8:      layout_loops_ring, mainiacjoe_overflow_chevrons, lair_entry_dummy
D:9:      layout_rooms, dancing_weapons_uskayaw, uniq_joseph
D:10:     layout_long_grid, nicolae_tso_swordbearing_angel, uniq_maggie
D:11:     layout_gridville, orc_0_dummy, uniq_grum
D:12:     layout_layer_cave
D:13:     layout_long_grid, eino_house_with_fridge
D:14:     layout_basic, grunt_vaults_entry_tiered, serial_shops, shop_statue,
          lemuel_tele_altar, grunt_decor_junction
D:15:     hangedman_depths_entry_civil_slaughter, layout_basic,
          chequers_serial_rivers_micro_a, minmay_fountain_box,
          chequers_serial_rivers_room_a, guppyfry_shop_earth, uniq_agnes
Lair:1:   layout_small_grid, chequers_serial_rivers_small_a, grunt_megastairs_4
Lair:2:   layout_hall_layers, minmay_shoals_entry_hut, dummy_spider_entry,
          minivault_25, chequers_serial_rivers_micro_a, beast_lair_carwin_6,
          uniq_gastronok
Lair:3:   layout_regular_city, serial_bayou_shore_a
Lair:4:   kb_forest_paths, layout_regular_city, cheibrodos_lair_caveside_slide,
          grunt_forest_stairs_basic, serial_bayou_shore_b
Lair:5:   layout_concentric_octagons, gammafunk_ghost_berserking_beasts,
          beast_lair_carwin_3, grunt_megastairs_1, lemuel_fruit_fields
Lair:6:   hangedman_lair_tendril_chambers, layout_misc_corridors,
          minmay_slime_entry_pillars, basic_altar
Shoals:1: cheibrodos_shoals_epimethial_gifts, layout_shoals, uniq_frances
Shoals:2: layout_shoals, serial_nicolae_subway, nicolae_sub_station_crystal,
          nicolae_sub_station_metal, nicolae_sub_station_stone, uniq_polyphemus,
          uniq_roxanne, uniq_ilsuiw
Shoals:3: layout_shoals, nicolae_shop_gadgets
Shoals:4: shoals_end_hellmonk_lost_city
Spider:1: layout_cave_pods, hive_lemuel, hangedman_spider_tarantella_strand
Spider:2: layout_spider_delve, drop_trap
Spider:3: layout_spider_delve
Spider:4: johnstein_spider_rune_arachne_lair, uniq_arachne, uniq_mara,
          uniq_nikola
Orc:1:    layout_caves, nicolae_shop_overcharged_wands
Orc:2:    st_orc_ogre_mass, layout_caves
Elf:1:    eino_elf_arrival_customs, layout_loops_corners, orc_legates
Elf:2:    elven_hall_of_blades_hangedman_original [nicolae_blade_lattice],
          layout_gridlike, serial_shops, shop_fountains, lemuel_statue_altar,
          minmay_the_grid_square_5x5_3x3_mashed
          [minmay_the_grid_square_5x5_checkered_sparse,
          minmay_the_grid_square_5x5_percent,
          minmay_the_grid_square_5x5_n_small,
          minmay_the_grid_square_5x5_bracketed,
          minmay_the_grid_square_5x5_megaprize_hollow,
          minmay_the_grid_square_5x5_forky, minmay_the_grid_square_5x5_c,
          minmay_the_grid_square_5x5_moneybag, minmay_the_grid_square_5x5_inset]
Elf:3:    minmay_elf_hall_statues, layout_geoelf_octagon, gammafunk_ghost_ooze,
          sword_in_stone
Vaults:1: nicolae_vaults_network_periphery, vaults_room_large_hall,
          nicolae_vaults_gold_heap, grunt_vaults_trifunnel, st_greater_box_2,
          serial_ice_m, nicolae_vaults_asterisk, serial_ice_h,
          nicolae_vaults_little_squares_6, nicolae_vaults_yaktaur_gun_rack,
          vaults_room_corners, hangedman_vaults_stitches,
          ontoclasm_vaults_idyll, vaults_room_pool, layout_vaults_omnibox
Vaults:2: st_cells, nicolae_vaults_ninety_degrees, vaults_mumra_chevron_long,
          v_alt_pattern_1, v_misc_24, minmay_crypt_entry_nasty_monster,
          vaults_room_door_hall, hangedman_vaults_trim, grunt_vaults_diagonal,
          vaults_room_corners, v_alt_pattern_1, ontoclasm_vaults_loading_screen,
          layout_vaults_big_room, serial_shops, nicolae_shop_behind_doors,
          uniq_margery
Vaults:3: hangedman_vaults_hard_town_square, nicolae_vaults_big_angled_halls,
          ontoclasm_vaults_misaligned, v_alt_pattern_4,
          hangedman_vaults_corner_blocks, v_rooms_6, ontoclasm_vaults_gateway,
          v_misc_15, v_misc_15, ontoclasm_vaults_tryst, v_pattern_5,
          vaults_mumra_minichess_inversion, vaults_dpeg_encased_lava,
          nicolae_vaults_circle_grid_b, layout_vaults_maze, serial_shops,
          bzr_entry_lakeside
Vaults:4: portal_desolation_entry_ruin, vaults_room_grunt_arrival_checkpoint,
          v_misc_8, ontoclasm_vaults_shuriken, vaults_room_boxed,
          grunt_vaults_swirl, v_misc_12, nicolae_vaults_alarming,
          v_alt_pattern_6, nicolae_vaults_little_squares_6, vaults_room_pools,
          vaults_room_pools, layout_vaults_quadrants
Crypt:1:  layout_chaotic_city, lemuel_upstairs_altar,
          grunt_crypt_arrival_webbed, uniq_saint_roka, uniq_vv, uniq_frederick
Crypt:2:  layout_gridlike, grunt_megastairs_2, uniq_jory, uniq_bai_suzhen
Crypt:3:  church_of_pain_bobbens, layout_chaotic_city,
          tomb_entry_simple_bobbens, minmay_misc_feat_ornament,
          grunt_ministairs_4, st_shrine_of_skulls
Tomb:1:   uniq_khufu
Depths:1: layout_roguey, hellmouth_1, good_gods_temple_1,
          minmay_checkered_concentric_circles, grunt_megastairs_3
Depths:2: kennysheep_demon_jail, layout_basic, enter_ziggurat_a,
          nzn_ghost_randoct, rand_demon_pan_entry_3, hell_entry,
          minmay_misc_feat_columns, minmay_misc_feat_more_columns,
          hangedman_abyss_or_decor_clamps, minmay_misc_feat_diagonals,
          uniq_josephina
Depths:3: constructs_gauntlet_mu_hangedman, layout_basic, abyss_entry,
          ebering_dispersal_statue_hall, grunt_hell_entry_dis_old,
          grunt_tough_drop, minmay_staircase_windowed_large,
          serial_bayou_shore_b

Skill      XL: |  1  2  3  4  5  6  7  8  9 10 11 12 13 14 15 16 17 18 19 20 21 22 23 |
---------------+----------------------------------------------------------------------+-----
Stealth        | 1 2 3 4 5 6 7 8 9 10 11 12 13 14 | 14.0
Fighting       | 2 3 4 5 6 7 8 9 10 11 12 13 14 15 16 | 16.0
Dodging        | 2 3 4 5 6 7 8 9 10 11 12 13 14 15 16 | 16.0
Crossbows      | 4 5 6 7 9 10 11 12 13 14 15 16 17 18 20 21 22 | 22.2
Evocations     | 1 2 4 5 6 7 8 |  8.0
Summonings     | 2 5 8 9 11 12 13 14 | 14.7
Spellcasting   | 1 3 4 6 7 8 9 10 11 | 11.3
Hexes          | 1 4 5 6 7 8 9 10 | 10.2
Translocations | 2 4 5 6 7 8 9 |  9.1
Conjurations   | 2 4 5 6 7 9 |  9.4
Transmutations | 2 4 5 6 7 8 9 |  9.0
Air Magic      | 2 3 4 5 |  5.0

Action                   |  1- 3 |  4- 6 |  7- 9 | 10-12 | 13-15 | 16-18 | 19-21 | 22-24 || total
-------------------------+-------+-------+-------+-------+-------+-------+-------+-------++-------
Melee: Unarmed           |       |     2 |       |       |       |       |       |       ||     2
       Arbalest          |       |       |       |       |       |     2 |       |       ||     2
       Triple crossbow   |       |       |       |       |       |       |     3 |     1 ||     4
 Fire: Hand crossbow     |    97 |   140 |   246 |   285 |       |       |       |       ||   768
       Arbalest          |       |       |       |   276 |  1286 |  1642 |       |       ||  3204
       Triple crossbow   |       |       |       |       |       |   134 |  1559 |   733 ||  2426
 Cast: Call Imp          |       |       |       |     1 |       |       |       |       ||     1
       Summon Mana Viper |       |       |       |       |       |     4 |     1 |     1 ||     6
       Iskenderun's Myst |       |       |       |       |       |       |     3 |     1 ||     4
       Yara's Violent Un |       |       |       |       |       |       |     6 |     5 ||    11
Evoke: Wand              |       |       |       |     1 |     2 |     8 |       |     1 ||    12
       Box of beasts     |       |       |       |       |       |       |       |     1 ||     1
  Use: Scroll            |       |     9 |     6 |     4 |    16 |    19 |     8 |     7 ||    69
       Potion            |       |       |     1 |       |     1 |     2 |     4 |     2 ||    10
Armor: Leather armour    |    10 |    10 |     6 |       |       |       |       |       ||    26
       Troll leather arm |       |       |       |    42 |   224 |   195 |   178 |   104 ||   743
Dodge: Dodged            |    16 |    50 |    96 |   310 |  1092 |  1058 |  1759 |   646 ||  5027
Block: Other             |       |       |       |       |       |    52 |   290 |   131 ||   473
       Reflection        |       |       |       |       |       |     2 |    18 |     6 ||    26

Table legend: (Time is in decaauts)
 A = Elapsed time spent in this place.
 B = Non-inter-level travel time spent in this place.
 C = Inter-level travel time spent in this place.
 D = Time resting spent in this place.
 E = Time spent auto-exploring this place.
 F = Levels seen in this place.
 G = Mean time per level.
                   A        B        C        D        E       F      G
               +--------+--------+--------+--------+--------+-----+--------+
         Total |  61462 |  52086 |   9376 |   6737 |  30635 |  47 | 1307.7 |
       Dungeon |  19339 |  14057 |   5282 |   1393 |  10013 |  15 | 1289.3 |
          Lair |   7008 |   6106 |    902 |    439 |   3610 |   6 | 1168.0 |
        Shoals |   5397 |   4982 |    415 |    980 |   2397 |   4 | 1349.2 |
   Spider Nest |   6239 |   5509 |    730 |   1421 |   2732 |   4 | 1559.8 |
  Orcish Mines |   1938 |   1664 |    274 |    541 |    608 |   2 |  969.0 |
   Elven Halls |   4741 |   4272 |    469 |    459 |   2492 |   3 | 1580.3 |
        Vaults |   7387 |   6811 |    576 |    824 |   4013 |   4 | 1846.8 |
         Crypt |   4045 |   3616 |    429 |    174 |   2232 |   3 | 1348.3 |
          Tomb |    956 |    956 |      0 |    262 |    124 |   1 |  956.0 |
        Depths |   3463 |   3168 |    295 |    237 |   1989 |   3 | 1154.3 |
        Bazaar |    151 |    151 |      0 |      0 |     78 |   1 |  151.0 |
    Desolation |    792 |    792 |      0 |      4 |    346 |   1 |  792.0 |
               +--------+--------+--------+--------+--------+-----+--------+

Top non-repeatable levels by time:
Vaults:1: 2566 daAuts
Spider:4: 1957 daAuts
     D:8: 1839 daAuts
    D:10: 1803 daAuts
 Crypt:3: 1791 daAuts
   Elf:1: 1774 daAuts
   Elf:2: 1703 daAuts
    D:11: 1697 daAuts
     D:3: 1678 daAuts
Vaults:3: 1654 daAuts
Shoals:1: 1623 daAuts
Spider:1: 1615 daAuts
     D:9: 1595 daAuts
Vaults:4: 1586 daAuts
    D:14: 1581 daAuts
